 Dungeon Crawl Stone Soup version 0.25-a0-591-g2ad0d86 (webtiles) character file.

Game seed: 1604939004175949807, levelgen mode: deterministic

10500 Trolling the Grappler (level 11, -1/111 HPs)
             Began as a Troll Fighter on Mar 14, 2020.
             Was a High Priest of Okawaru.
             Splashed by an oklob plant's acid (11 damage)
             ... on level 11 of the Dungeon.
             The game lasted 00:20:59 (8992 turns).

Trolling the Grappler (Troll Fighter)               Turns: 8992, Time: 00:21:01

Health: -1/111     AC:  2    Str: 33    XL:     11   Next: 37%
Magic:  9/12       EV:  9    Int:  4    God:    Okawaru [*****.]
Gold:   438        SH: 12    Dex:  9    Spells: 10/10 levels left

rFire    + . .     SeeInvis .     - Unarmed
rCold    + . .     Gourm    +   b - +1 kite shield
rNeg     . . .     Faith    .   a - +0 robe
rPois    .         Spirit   .   (helmet restricted)
rElec    .         Reflect  .   M - scarf {rC+ rF+}
rCorr    .         Harm     .   (gloves unavailable)
MR       .....                  (boots unavailable)
Stlth    +.........             (no amulet)
HPRegen  0.68/turn              m - +4 ring of strength
MPRegen  0.13/turn              B - ring of flight

@: corroded, flying, lightly drained
A: large, unfitting armour, claws 3, fast metabolism 3, gourmand, regeneration
1, shaggy fur 1, tough skin 3
a: Heroism, Finesse, Renounce Religion, Stop Flying


You were on level 11 of the Dungeon.
You worshipped Okawaru.
Okawaru was extremely pleased with you.
You were very full.

You visited 2 branches of the dungeon, and saw 12 of its levels.
You also visited: Bailey.

You collected 492 gold pieces.
You spent 54 gold pieces at shops.

Inventory:

Hand Weapons
 l - a +0 hunting sling
Missiles
 v - 134 sling bullets
 y - 5 datura-tipped darts (quivered)
 I - 3 poisoned darts
 L - 3 large rocks
Armour
 a - a +0 robe (worn)
 b - a +1 kite shield (worn)
 M - a scarf of resistance (worn)
Jewellery
 m - a +4 ring of strength (left claw)
 z - an uncursed ring of magical power
 B - a ring of flight (right claw)
Wands
 p - a wand of polymorph (21)
 q - a wand of random effects (13)
 G - a wand of flame (13)
Scrolls
 e - 3 scrolls of enchant armour
 f - 3 scrolls of magic mapping
 j - a scroll of blinking
 k - 4 scrolls of fog
 o - 3 scrolls of teleportation
 r - 2 scrolls of immolation
 s - 2 scrolls of fear {unknown}
 t - 3 scrolls of enchant weapon
 u - a scroll of random uselessness {unknown}
 w - a scroll of holy word {unknown}
 x - a scroll of remove curse
 C - a scroll of summoning {unknown}
 D - 2 scrolls of identify
 E - 2 scrolls of amnesia {unknown}
 N - a scroll of silence {unknown}
Potions
 c - 3 potions of might
 g - 5 potions of curing
 h - a potion of flight
 i - a potion of degeneration {unknown}
 n - 2 potions of lignification {unknown}
 A - a potion of mutation {unknown}
 F - a potion of resistance {unknown}
 H - a potion of ambrosia {unknown}
 J - 2 potions of heal wounds {unknown}
 K - a potion of invisibility
Comestibles
 d - 18 rations
 O - 9 chunks of flesh


   Skills:
 + Level 7.9(7.6) Fighting
 - Level 2.4(2.1) Dodging
 + Level 8.0(7.7) Shields
 + Level 12.2(11.9) Unarmed Combat
 + Level 3.4(3.1) Invocations


You had 10 spell levels left.
You didn't know any spells.
Your spell library contained the following spells:

 Spells                   Type           Power        Failure   Level  Hunger
 Sting                    Tmut/Pois      #...         58%         1    ##.....
 Poisonous Vapours        Pois/Air       #.....       75%         2    ###....
 Ignite Poison            Fire/Tmut/Pois #.......     92%         3    ####...
 Mephitic Cloud           Conj/Pois/Air  #.......     92%         3    ####...
 Olgreb's Toxic Radiance  Pois           #.......     100%        4    #####..


Dungeon Overview and Level Annotations

Branches:
Dungeon (11/15)            Temple (1/1) D:6            Lair (0/6) D:11
    Orc (0/2) D:11         Bailey (visited)

Altars:
Ashenzari
Cheibriados
Dithmenos
Elyvilon
Fedhas
Gozag
Hepliaklqana
Kikubaaqudgha
Makhleb
Nemelex Xobeh
Okawaru
Ru
Sif Muna
Trog
Uskayaw
Vehumet
Wu Jian
Xom
Yredelemnul
Zin
The Shining One

Shops:
D:7 [[=

Annotations:
D:11 exclusion: 2 oklob plants


Innate Abilities, Weirdness & Mutations

You are too large for most types of armour.
You have claws for hands.
Your metabolism is lightning-fast.
You like to eat raw meat.
Your natural rate of healing is unusually fast.
You are covered in fur. (AC +1)
You have extremely tough skin. (AC +3)


Message History

The gnoll barely misses you. You block the cyan ugly thing's attack.
Really fly into a travel-excluded area?
Found a scroll of identify.
You see here a wand of flame (20).
Found a hardcover book.
Some of the chunks of flesh in your inventory have rotted away.
Really fly into a travel-excluded area?
The oklob plant spits acid at you. You block the splash of acid.
A gnoll comes into view. It is wielding a -1 whip.
The oklob plant spits acid at you. The splash of acid hits you!
* * * LOW HITPOINT WARNING * * *
You are splashed with acid!
* * * LOW HITPOINT WARNING * * *
The oklob plant spits acid at you. The splash of acid hits you!
* * * LOW HITPOINT WARNING * * *
The acid corrodes you!
You are splashed with acid!
You die...

*,*,,,,.....#####.# #.#
*,,,,*####..#####.# #..
*,***##...........# ###
*,,,,.......<.###### #
*,***#####..÷.# ##.## #######
*,** ##.#.###...# #....## *,,*
*#.#.##....#######....## **,*
*..#.#....#.z.≈g..#...## *,*
#..#...@..u?#...#.{....# *,*
#..#.g.....##..P##...#.# *,*
#....##:.#...PPPP..#.#.# *,*
#..#.###.#≈.PP>PP.≈#.#.# **,***
#.,*,* #.#...PPPP..#...u
,,,,,****#,,*,* #...##.PP##......
**,,,,,,,,,,,,**#....#...#.......
**********,*,,,...#...≈...#..#.#
*,*,**,,,,*######...#.#


You could see a cyan ugly thing, 2 oklob plants, a wight and a gnoll
(wandering).

Vanquished Creatures
  A two-headed ogre (D:9)
  An orc knight (Bailey)
  Maggie (D:8)
  2 trolls
  5 hippogriffs
  A wyvern (D:10)
  A human (D:8)
  A hungry ghost (D:10)
  6 yaks (D:10)
  A soldier ant (D:10)
  A water moccasin (D:11)
  10 orc warriors
  4 phantoms
  2 black bears
  3 ice beasts
  A necrophage (D:8)
  7 ogres
  2 centaurs
  3 big kobolds
  6 bullfrogs
  2 gnoll sergeants
  A wyvern skeleton (D:10)
  A scorpion (D:8)
  13 killer bees
  7 wights
  6 howler monkeys
  An electric eel (D:10)
  4 crimson imps
  A quasit (D:10)
  A bullfrog zombie (D:10)
  6 hounds
  A bullfrog skeleton (D:10)
  3 jellies
  16 orc wizards
  3 orc priests
  2 iguanas
  2 centaur skeletons
  8 worker ants
  A hound zombie (D:5)
  2 hound skeletons
  2 howler monkey zombies
  A worker ant zombie (D:9)
  11 gnolls
  A howler monkey skeleton (D:8)
  6 adders
  4 shadow imps
  9 oozes
  An adder zombie (D:8)
  2 adder skeletons (D:8)
  2 worms
  A dart slug (D:2)
  7 leopard geckos
  53 orcs
  A ball python (D:2)
  3 giant cockroaches
  7 goblins
  5 hobgoblins
  6 jackals
  3 quokkas
  A ball python skeleton (D:4)
  7 bats
  3 frilled lizards
  A jackal zombie (D:3)
  35 kobolds
  A leopard gecko skeleton (D:7)
  A quokka zombie (D:8)
  5 rats
319 creatures vanquished.

Vanquished Creatures (others)
  A fungus (D:2)
  2 plants (D:10)
  10 toadstools (D:2)
13 creatures vanquished.

Grand Total: 332 creatures vanquished

Notes
Turn   | Place    | Note
-------+----------+-------------------------------------------
     0 | D:1      | Trolling the Troll Fighter began the quest for the Orb.
     0 | D:1      | Reached XP level 1. HP: 22/22 MP: 0/0
   226 | D:1      | Reached XP level 2. HP: 29/29 MP: 1/1
   454 | D:2      | Found a glowing golden altar of the Shining One.
   562 | D:2      | Reached XP level 3. HP: 32/36 MP: 2/2
   609 | D:2      | Reached skill level 3 in Unarmed Combat
   618 | D:2      | Reached XP level 4. HP: 36/44 MP: 3/3
  1135 | D:3      | Found a burning altar of Makhleb.
  1171 | D:3      | Reached XP level 5. HP: 48/53 MP: 4/4
  1175 | D:3      | Reached skill level 4 in Unarmed Combat
  2059 | D:4      | Noticed a phantom
  2096 | D:4      | Killed a phantom
  2096 | D:4      | Reached XP level 6. HP: 54/61 MP: 5/5
  2128 | D:4      | Reached skill level 5 in Unarmed Combat
  2364 | D:4      | Reached XP level 7. HP: 45/68 MP: 6/6
  2716 | D:5      | Entered Level 5 of the Dungeon
  2955 | D:5      | Reached skill level 6 in Unarmed Combat
  3691 | D:6      | Found a staircase to the Ecumenical Temple.
  3700 | Temple   | Entered the Ecumenical Temple
  4466 | D:7      | Reached XP level 8. HP: 76/79 MP: 7/7
  4486 | D:7      | Reached skill level 7 in Unarmed Combat
  4690 | D:7      | Found a shadowy altar of Dithmenos.
  4710 | D:7      | Reached skill level 5 in Shields
  4713 | D:7      | Reached skill level 5 in Fighting
  4779 | D:7      | Found a hazy altar of Hepliaklqana.
  4809 | D:7      | Reached skill level 8 in Unarmed Combat
  4815 | D:7      | Found Xudiusurch's Jewellery Shoppe.
  4925 | D:7      | Found a shimmering blue altar of Sif Muna.
  5014 | D:7      | Found Enainir's Armour Shoppe.
  5021 | D:7      | Bought a +0 cloak for 54 gold pieces
  5059 | D:7      | Found an iron altar of Okawaru.
  5080 | D:7      | Found Uzoygusa's Armour Shoppe.
  5104 | D:7      | Became a worshipper of Warmaster Okawaru
  5347 | D:8      | Found a blossoming altar of Fedhas.
  5359 | D:8      | Noticed Maggie
  5369 | D:8      | Killed Maggie
  5369 | D:8      | Reached skill level 1 in Invocations
  5369 | D:8      | Reached XP level 9. HP: 72/88 MP: 7/9
  5436 | D:8      | Reached * piety under Okawaru
  5580 | D:8      | Reached skill level 9 in Unarmed Combat
  5834 | D:8      | Reached ** piety under Okawaru
  6151 | D:9      | Noticed a troll
  6174 | D:9      | Killed a troll
  6174 | D:9      | Reached skill level 10 in Unarmed Combat
  6477 | D:9      | Reached XP level 10. HP: 66/100 MP: 10/10
  6545 | D:9      | Noticed a two-headed ogre
  6552 | D:9      | Killed a two-headed ogre
  6552 | D:9      | Reached *** piety under Okawaru
  6609 | D:9      | Found a bloodstained altar of Trog.
  6773 | D:9      | Reached **** piety under Okawaru
  6827 | D:9      | Reached skill level 11 in Unarmed Combat
  7075 | D:9      | Found a snail-covered altar of Cheibriados.
  7370 | D:10     | Entered Level 10 of the Dungeon
  7635 | D:10     | Reached ***** piety under Okawaru
  7670 | D:10     | Reached XP level 11. HP: 68/109 MP: 11/11
  8250 | D:10     | Reached skill level 12 in Unarmed Combat
  8483 | D:11     | Found a flagged portal.
  8498 | Bailey   | Entered a bailey
  8715 | Bailey   | Noticed an orc knight
  8724 | Bailey   | Killed an orc knight
  8941 | D:11     | Noticed a cyan ugly thing
  8974 | D:11     | Found a staircase to the Orcish Mines.
  8978 | D:11     | Found a staircase to the Lair.
  8978 | D:11     | Noticed an oklob plant
  8978 | D:11     | Noticed an oklob plant
  8992 | D:11     | Splashed by an oklob plant's acid

Levels and vault maps discovered:
D:1:      eino_arrival_tree_alley, layout_rooms
D:2:      cheibrodos_fertilizer, layout_basic, lemuel_doored_altar, minivault_25
D:3:      layout_basic, lemuel_round_altar, first_ration,
          roderic_serpentine_path, kennysheep_crisscross
D:4:      layout_cave_pools, minmay_misc_feat_nine_boxes
D:5:      layout_basic
D:6:      layout_loops_corners, minmay_temple_entry_overgrown
D:7:      layout_basic, tgw_sif, nicolae_overflow_hidden_temple,
          kennysheep_little_box, kennysheep_mini, serial_shops, shop, shop,
          shop_statue, grunt_dithmenos_smoke_and_mirrors
D:8:      layout_loops_ring, old_standard_altar, grunt_pizzeria, uniq_maggie
D:9:      layout_roguey, overflow_temple_1_default, cheibrodos_worm_habitat,
          minmay_crystal_room, minmay_holes
D:10:     layout_basic, nicolae_zen_rock_garden, serial_bayou_lagoon_a
D:11:     layout_loops_ring, dpeg_oklobed_lair, orc_0_dummy,
          gauntlet_entry_generic, enter_bailey_2
Temple:   nicolae_temple_figure_eight

Skill      XL: |  1  2  3  4  5  6  7  8  9 10 11 |
---------------+----------------------------------+-----
Unarmed Combat | 3 4 5 6 8 10 11 12 | 12.2
Shields        | 3 4 5 6 7 8 |  8.0
Fighting       | 3 4 5 6 7 |  7.9
Invocations    | 1 2 3 |  3.4
Dodging        | |  2.4

Action                   |  1- 3 |  4- 6 |  7- 9 | 10-12 || total
-------------------------+-------+-------+-------+-------++-------
Melee: Unarmed           |    96 |   177 |   312 |   370 ||   955
 Fire: Hunting sling     |       |       |     4 |       ||     4
Invok: Heroism           |       |       |       |     4 ||     4
       Finesse           |       |       |       |     1 ||     1
 Abil: Evoke Flight      |       |       |       |     3 ||     3
  Use: Scroll            |     3 |     5 |     3 |     1 ||    12
       Potion            |       |       |       |     1 ||     1
 Stab: Sleeping          |       |       |     1 |       ||     1
  Eat: Chunk             |    11 |    16 |    33 |    30 ||    90
Armor: Robe              |    52 |    45 |    71 |    66 ||   234
Dodge: Dodged            |    26 |    48 |    68 |   114 ||   256
Block: Kite shield       |    45 |    89 |   158 |   207 ||   499

Table legend:
 A = Non-vault XP
 B = Vault XP
 C = Vault XP percentage of total XP
 D = Non-vault monster count
 E = Vault monster count
 F = Vault count percentage of total count
                 A         B        C        D         E       F
            +---------+---------+-------+---------+---------+-------
      Total |   12517 |    2483 |  16.6 |     272 |      47 |  14.7
            +---------+---------+-------+---------+---------+-------
        D:1 |      28 |       0 |   0.0 |      13 |       0 |   0.0
        D:2 |      29 |     107 |  78.7 |      13 |      17 |  56.7
        D:3 |     114 |       0 |   0.0 |      29 |       0 |   0.0
        D:4 |     615 |       0 |   0.0 |      17 |       0 |   0.0
        D:5 |     141 |       0 |   0.0 |      11 |       0 |   0.0
        D:6 |     327 |       0 |   0.0 |       8 |       0 |   0.0
        D:7 |    1288 |      35 |   2.6 |      36 |       1 |   2.7
        D:8 |    1785 |     604 |  25.3 |      39 |       2 |   4.9
        D:9 |    3596 |       0 |   0.0 |      54 |       0 |   0.0
       D:10 |    3277 |       0 |   0.0 |      39 |       0 |   0.0
       D:11 |    1317 |       0 |   0.0 |      13 |       0 |   0.0
     Bailey |       0 |    1737 | 100.0 |       0 |      27 | 100.0
            +---------+---------+-------+---------+---------+-------
